 Dungeon Crawl Stone Soup version 0.17.0-26-gececa24 (webtiles) character file.

1195162 xeno23 the Archmage (level 27, -1/185 HPs)
             Began as a Deep Elf Fire Elementalist on Nov 15, 2015.
             Was the Champion of Vehumet.
             Killed from afar by a hellion (16 damage)
             ... with a burst of hellfire
             ... on level 4 of Gehenna on Nov 20, 2015.
             The game lasted 16:54:51 (91508 turns).

xeno23 the Archmage (Deep Elf Fire Elementalist)   Turns: 91508, Time: 16:54:53

Health: -1/185     AC: 15    Str: 15    XL:     27
Magic:  26/65      EV: 33    Int: 44    God:    Vehumet [******]
Gold:   9001       SH: 33    Dex: 30    Spells: 15 memorised, 2 levels left

rFire  + . .     SeeInvis +     d - staff of energy
rCold  + + .     Clarity  +     a - +2 leather armour of Modesty {rF+ rC+ MP+9 Int+2}
rNeg   + . .     SustAt   .     L - +18 shield of the gong {rElec rN+ MR+ EV-5}
rPois  +         Gourm    .     n - +2 hat of the High Council {Archmagi, Wiz- Stlth-}
rElec  +         Spirit   .     k - +0 cloak of Compression {rElec rPois Str+2 SInv}
rCorr  .         Warding  .     s - +2 pair of gloves {Dex+3}
rMut   +         Stasis   .     T - +2 pair of boots {Fly}
MR     +++..                    F - amulet of Lugonu's Benevolence {rMut Str+2}
Stlth  ++++......               f - ring of Biclih {Wiz *Contam Str+4 Int+2 Dex+5}
                                X - ring "Luatwo" {Str+2 Int+6 Dex+3 Stlth-}

@: flying, delayed fireball, deflect missiles, extremely resistant to hostile
enchantments, stealthy
A: horns 1, rugged brown scales 1, slimy green scales 1, agile 2, berserk 1,
blurry vision 1, breathe flames 1, clarity, cold resistance 1, deformed body,
wild magic 3, evolution 1
a: Renounce Religion, Breathe Fire, Release Delayed Fireball, Stop Flying
}: 10/15 runes: barnacled, slimy, silver, abyssal, demonic, glowing, magical,
fiery, dark, gossamer


You were on level 4 of Gehenna.
You worshipped Vehumet.
Vehumet was exalted by your worship.
You were not hungry.

You visited 14 branches of the dungeon, and saw 68 of its levels.
You visited Pandemonium 1 time, and saw 41 of its levels.
You visited the Abyss 2 times.
You completed 1 ziggurat, and saw 27 of its levels.
You also visited: Labyrinth, Trove, Bailey, Ice Cave and Wizlab.

You collected 12713 gold pieces.
You spent 3712 gold pieces at shops.

Inventory:

Armour
 a - the +2 leather armour of Modesty (worn) {rF+ rC+ MP+9 Int+2}
   (You found it in a treasure trove)

   It affects your intelligence (+2).
   It protects you from fire.
   It protects you from cold.
   It affects your magic capacity (+9).
 k - the +0 cloak of Compression (worn) {rElec rPois Str+2 SInv}
   (You found it in an ice cave)

   It affects your strength (+2).
   It insulates you from electricity.
   It protects you from poison.
   It lets you see invisible.
 n - the +2 hat of the High Council (worn) {Archmagi, Wiz- Stlth-}
   (You found it on level 5 of the Vaults)

   It makes you less stealthy.
 s - a +2 pair of gloves of dexterity (worn)
 L - the +18 shield of the gong (worn) {rElec rN+ MR+ EV-5}
   (You found it on level 2 of the Realm of Zot)

   It affects your evasion (-5).
   It insulates you from electricity.
   It protects you from negative energy.
   It affects your resistance to hostile enchantments.
 T - a +2 pair of boots of flying (worn)
Magical Staves
 d - an uncursed staff of energy (weapon)
 U - an uncursed staff of fire
Jewellery
 e - the ring "Raweegoz" {SustAt rF+ rC+ rN+ MR-}
   (You found it on level 23 of a ziggurat)

   [ring of sustain attributes]

   It sustains your strength, intelligence and dexterity.
   It protects you from fire.
   It protects you from cold.
   It protects you from negative energy.
   It affects your resistance to hostile enchantments.
 f - the ring of Biclih (right hand) {Wiz *Contam Str+4 Int+2 Dex+5}
   (You took it off an angel in Pandemonium)

   [ring of wizardry]

   It improves your spell success rate.
   It affects your strength (+4).
   It affects your intelligence (+2).
   It affects your dexterity (+5).
   It causes magical contamination when unequipped.
 l - the amulet of Vitality {Regen+ HP+15}
   (You bought it in a shop on level 2 of the Elven Halls)

   [amulet of regeneration]

   It affects your health (+15).
   It increases your rate of regeneration.
 v - the ring "Raplath" {Wiz MR+ Dex+4 Stlth+}
   (You found it in a treasure trove)

   [ring of wizardry]

   It improves your spell success rate.
   It affects your dexterity (+4).
   It affects your resistance to hostile enchantments.
   It makes you more stealthy.
 w - the ring "Honisib" {+/*Tele +Inv MR+}
   (You found it on level 6 of the Pits of Slime)

   [ring of teleportation]

   It may teleport you to nearby monsters, and can be evoked to randomly
   teleport.
   It affects your resistance to hostile enchantments.
   It lets you turn invisible.
 F - the amulet of Lugonu's Benevolence (around neck) {rMut Str+2}
   (You found it in a wizard's laboratory)

   [amulet of resist mutation]

   It protects you from mutation.
   It affects your strength (+2).
 X - the ring "Luatwo" (left hand) {Str+2 Int+6 Dex+3 Stlth-}
   (You took it off a yaktaur captain on level 5 of the Vaults)

   [ring of intelligence]

   It affects your strength (+2).
   It affects your intelligence (+6).
   It affects your dexterity (+3).
   It makes you less stealthy.
Wands
 c - a wand of heal wounds (4)
 u - a wand of digging (13)
 G - a wand of teleportation (4)
 R - a wand of heal wounds (0)
Scrolls
 b - 20 scrolls of identify
 i - 37 scrolls of remove curse
 j - 10 scrolls of blinking
 p - 6 scrolls of fear
 t - 31 scrolls of teleportation
 x - 10 scrolls of magic mapping
 z - 20 scrolls of fog
 D - 7 scrolls of summoning
 H - 11 scrolls of holy word
 M - 22 scrolls of recharging
Potions
 h - 27 potions of curing
 o - 17 potions of brilliance
 A - 4 potions of invisibility
 B - 25 potions of agility
 I - 11 potions of heal wounds
 J - 2 potions of cancellation
 N - 4 potions of magic
 O - 10 potions of haste
 W - 8 potions of resistance
Miscellaneous
 y - a crystal ball of energy
Comestibles
 g - a meat ration
 E - 36 fruits
 K - 42 bread rations


   Skills:
 - Level 20.5 Fighting
 - Level 12.0 Staves
 - Level 24.2 Dodging
 - Level 11.5 Stealth
 - Level 15.0 Shields
 O Level 27 Spellcasting
 O Level 27 Conjurations
 - Level 22.0 Charms
 + Level 23.7 Necromancy
 * Level 16.5 Translocations
 + Level 25.5 Transmutations
 O Level 27 Fire Magic
 - Level 13.6 Air Magic
 - Level 15.5 Earth Magic
 - Level 18.9 Evocations


You had 2 spell levels left.
You knew the following spells:

 Your Spells              Type           Power        Failure   Level  Hunger
a - Controlled Blink      Tloc           N/A          17%         8    None
b - Delayed Fireball      Conj/Fire      N/A          1%          7    None
c - Poison Arrow          Conj/Pois      #########.   2%          6    None
d - Necromutation         Trmt/Necr      ##########   9%          8    None
e - Bolt of Fire          Conj/Fire      ##########   1%          6    None
f - Fire Storm            Conj/Fire      ##########   4%          9    None
g - Sublimation of Blood  Necr           ##########   4%          2    None
h - Haste                 Chrm           ########     4%          6    None
q - Fireball              Conj/Fire      ##########   1%          5    None
r - Deflect Missiles      Chrm/Air       ##########   4%          6    None
s - Regeneration          Chrm/Necr      ##########   4%          3    None
t - Blink                 Tloc           N/A          4%          2    None
v - Ozocubu's Armour      Chrm/Ice       ########     4%          3    None
w - Iskenderun's Mystic   Conj           ########     1%          4    None
x - Lehudib's Crystal Sp  Conj/Erth      ##########   3%          8    None


Dungeon Overview and Level Annotations

Branches:
Dungeon (15/15)            Temple (1/1) D:7            Lair (8/8) D:11
 Shoals (4/4) Lair:3       Spider (4/4) Lair:5        Slime (6/6) Lair:6
    Orc (4/4) D:11            Elf (3/3) Orc:3        Vaults (5/5) D:13
  Crypt (3/3) Vaults:2       Tomb (0/3) Crypt:3      Depths (5/5) D:15
   Hell (1/1)                 Geh (4/7) Hell            Zot (5/5) Depths:5
    Dis: Hell:1         Coc: Hell:1         Tar: Hell:1

Altars:
Ashenzari
Cheibriados
Dithmenos
Elyvilon
Fedhas
Gozag
Kikubaaqudgha
Makhleb
Nemelex Xobeh
Okawaru
Qazlal
Ru
Sif Muna
Trog
Vehumet
Xom
Yredelemnul
Zin
The Shining One
Jiyva

Shops:
D:4 !   D:5 }   Orc:3 *   Orc:4 [*(:   Elf:1 }   Elf:2 =   Elf:3 =   Shoals:1 (
Vaults:5 :

Portals:
Hell: Depths:1 Depths:2 Depths:3 Depths:4 Depths:5
Abyss: Depths:4
Pandemonium: Depths:3 Depths:4 Depths:5


Innate Abilities, Weirdness & Mutations

You have a pair of small horns on your head.
You are partially covered in rugged brown scales (AC +1, +3% HP).
You are partially covered in slimy green scales (AC +2).
You are very agile. (Dex +4)
You tend to lose your temper in combat.
Scrolls take you a little longer to read.
You can breathe flames.
You possess an exceptional clarity of mind.
Your flesh is cold resistant.
Armour fits poorly on your strangely shaped body.
Your spells are much harder to cast, but much more powerful.
You evolve.


Message History

You are engulfed in roaring flames.
You resist.
* * * LOW HITPOINT WARNING * * *
Your fire vortex misses something.
The hellion gestures at you.
The hellfire explodes!
The burst of hellfire engulfs you!
* * * LOW HITPOINT WARNING * * *
The burst of hellfire engulfs your fire vortex.
Your fire vortex dissipates!
A flying skull comes into view.
You take 32 damage.
Evoke which item? (* to show all) (? for menu, Esc to quit)
Zapping:
c - a wand of heal wounds (5)
Press: ? - help, Shift-Dir - straight line, f - you You feel much better.
This wand has 4 charges left.
You are engulfed in roaring flames.
You resist.
* * * LOW HITPOINT WARNING * * *
The fire giant skeleton hits your fire vortex!!
The hellion gestures at you.
The hellfire explodes!
The burst of hellfire engulfs you!
You die...

≈... ######..≈##
#§§# ... ##..≈##≈≈§#
.∩ # ##...≈§§§## .
.. #####.......# .z.
###...vv§§.≈≈...
....#.§§§§v2§§.§≈...
.≈≈≈...§#§v§##.§≈..
≈###≈§§§.§§§# #.....
Zv≈≈...@.§§§# #...#
.§..v§§####.# ..##
..§vv§§ #... ##
##'##.v ..... # ##.
....... ## ......
..##


You could see a hellion, a flying skull and a fire giant skeleton.

Vanquished Creatures
  Cerebov (Pan)
  the royal jelly (Slime:6)
  Dissolution (Slime:2)
  Ignacio (Pan)
  Gloorx Vloq (Pan)
  A seraph (Pan)
  Mnoleg (Pan)
  Lom Lobon (Pan)
  The ghost of Sar the Plane Walker, a legendary DEMo of Makhleb (Zig:26)
  37 pandemonium lords
  5 orbs of fire (Zot:5)
  8 ancient liches
  Mennas (Crypt:2)
  2 juggernauts
  6 greater mummies
  Frederick (Crypt:2)
  15 Killer Klowns
  Margery (Crypt:2)
  Norris (Elf:3)
  Saint Roka (Elf:3)
  2 curse toes
  Geryon (Hell)
  5 caustic shrikes
  9 golden dragons
  33 tentacled monstrosities
  7 bone dragons
  Xtahua (Crypt:1)
  2 pearl dragons (Pan)
  A profane servitor (Zig:18)
  Arachne (Spider:3)
  4 electric golems
  Jorgrun (Depths:5)
  18 Brimstone Fiends
  4 hellephants
  6 Hell Sentinels
  16 liches
  25 Orb Guardians (Zot:5)
  A shard shrike skeleton (Crypt:1)
  11 Ice Fiends
  2 deep elf blademasters
  6 Shadow Fiends
  4 deep elf master archers
  28 acid blobs
  6 tentacled starspawn
  10 titans
  8 death cobs
  A kraken (Shoals:1)
  7 sphinxes
  10 octopode crushers
  2 eldritch tentacles
  33 Executioners
  A shadow dragon (shapeshifter) (Zig:23)
  16 storm dragons
  16 tengu reavers
  5 ancient champions
  4 draconian monks
  4 thorn hunters
  5 shadow dragons
  Roxanne (Spider:3)
  14 greater nagas
  4 revenants
  Ilsuiw (Shoals:4)
  11 azure jellies
  An azure jelly (shapeshifter) (Zig:19)
  Wiglaf (Vaults:1)
  12 vault wardens
  2 frost giants (shapeshifter) (Zig:23)
  12 corrupters
  A fire giant (shapeshifter) (Zig:23)
  14 daevas (Pan)
  2 draconian knights
  Donald (Elf:3)
  17 ghost moths
  9 fire giants
  6 iron dragons
  21 deep elf sorcerers
  Aizul (Elf:3)
  Louise (Spider:1)
  7 emperor scorpions
  5 frost giants
  11 orc warlords
  8 draconian scorchers
  4 warmongers (Pan)
  2 juggernaut zombies
  5 curse skulls
  2 draconian shifters
  A caustic shrike zombie (Zig:21)
  4 ghouls
  3 draconian zealots
  23 cacodemons (Pan)
  34 balrugs
  12 ironheart preservers
  27 angels (Pan)
  2 spriggan defenders (Depths:4)
  5 caustic shrike skeletons
  6 draconian annihilators
  8 war gargoyles
  11 ophanim
  16 vampire knights
  31 very ugly things
  25 reapers
  40 stone giants
  13 starcursed masses
  9 blood saints
  10 green draconians
  13 deep elf demonologists
  12 white draconians
  24 deep elf annihilators
  7 chaos champions
  6 red draconians
  27 apis (Pan)
  A spectral titan (Geh:1)
  2 salamander stormcallers
  3 dire elephants (Zig:24)
  7 black draconians
  9 mottled draconians
  8 yellow draconians
  8 black suns (Pan)
  10 purple draconians
  16 lorocyprocas
  A dire elephant (shapeshifter) (Zig:19)
  21 green deaths
  7 merfolk javelineers
  2 quicksilver dragon zombies
  16 fire dragons
  11 merfolk impalers
  2 mummy priests (Zig:15)
  Erolcha (D:10)
  17 ettins
  10 death oozes
  3 eidola
  35 blizzard demons
  A spectral golden dragon (Geh:1)
  16 yaktaur captains
  7 jiangshi
  9 deep elf death magi
  29 vault guards
  2 crystal guardians
  16 great orbs of eyes
  A minotaur (Lab)
  4 rakshasas
  5 deep elf high priests
  Fannar (Lair:1)
  20 ice dragons
  16 entropy weavers
  6 quicksilver dragon skeletons
  5 spriggan air magi
  A naga warrior (Zig:25)
  13 centaur warriors
  A ghost crab (Zig:21)
  2 anacondas (shapeshifter) (WizLab)
  16 hydras
  An alligator (shapeshifter) (WizLab)
  12 monstrous demonspawn (Pan)
  6 death knights
  23 death yaks
  Erica (Lair:1)
  8 catoblepae (Zig:24)
  15 merfolk aquamancers
  9 hell beasts (Pan)
  6 alligator snapping turtles
  6 deep troll shamans
  The ghost of herpmino the Severer, a novice HOWr of Okawaru (Bailey)
  15 dancing weapons
  A catoblepas (shapeshifter) (Zig:19)
  3 merfolk avatars
  2 ghost crabs (shapeshifter)
  20 orc high priests
  6 tengu warriors
  A satyr (Shoals:3)
  17 ogre magi
  A queen ant (shapeshifter) (Zig:23)
  4 alligators
  10 deep troll earth magi
  5 thrashing horrors
  A titan zombie (Zig:20)
  6 vampire magi
  3 naga sharpshooters
  2 shock serpents (shapeshifter)
  Urug (Lair:1)
  7 spriggan berserkers
  25 deep elf knights
  2 iron golems
  4 shock serpents
  3 storm dragon zombies
  4 spriggans
  Sonja (Orc:2)
  Nergalle (Lair:3)
  2 salamander mystics
  49 sun demons
  8 hell hogs
  8 wretched stars
  2 iron trolls (shapeshifter)
  The ghost of Sar the Skirmisher, a novice CeWz of Okawaru (Bailey)
  32 soul eaters
  2 titan skeletons (Pan)
  14 sea snakes
  51 skeletal warriors
  2 fire crabs
  64 large abominations
  2 fire crabs (shapeshifter)
  12 shadow demons
  18 iron trolls
  9 shadow wraiths
  2 unseen horrors (shapeshifter)
  3 giant orange brains (shapeshifter)
  4 golden dragon zombies
  52 hell knights
  6 flayed ghosts
  14 cherubim (Pan)
  5 storm dragon skeletons
  32 ice devils
  A spriggan druid (Zig:16)
  11 hill giants
  7 unseen horrors
  32 deep trolls
  4 swamp dragons
  7 putrid demonspawn (Pan)
  23 deep elf summoners
  17 wizards
  An orange crystal statue (Vaults:4)
  2 shambling mangroves (Zig:16)
  14 gelid demonspawn (Pan)
  7 anaconda skeletons
  5 golden dragon skeletons
  9 infernal demonspawn (Pan)
  A kraken simulacrum (Shoals:4)
  5 naga ritualists (Zig:27)
  23 orb spiders
  A swamp dragon (shapeshifter) (Zig:10)
  The ghost of 4thArraOfDagon the Insei, a novice TeAs of Cheibriados (Bailey)
  21 orc knights
  A lindwurm (Zig:24)
  4 wolf spider zombies
  60 ugly things
  8 torturous demonspawn
  2 tengu zombies
  An anubis guard (shapeshifter) (Zig:10)
  18 phantasmal warriors
  7 shadow dragon zombies
  12 harpies
  36 deep elf conjurers
  A sphinx zombie (Zig:12)
  An anubis guard (Zig:15)
  2 cyclopes (shapeshifter)
  6 oklob plants (Zig:12)
  2 giant orange brains
  14 orc sorcerers
  An orb spider (shapeshifter) (D:15)
  A mana viper (Zig:25)
  21 necromancers
  A harpy (shapeshifter) (Vaults:5)
  10 ironbrand convokers
  3 fire giant zombies
  2 mana vipers (shapeshifter) (Zig:23)
  11 shining eyes
  10 fauns
  30 wolf spiders
  14 hornets
  3 tengu skeletons
  4 salamanders
  16 cyclopes
  A griffon (shapeshifter) (Zig:23)
  13 griffons
  9 elephants
  5 sphinx skeletons
  4 stone giant zombies
  An octopode (shapeshifter) (WizLab)
  6 shadow dragon skeletons
  21 manticores
  2 hornets (shapeshifter) (WizLab)
  A salamander (shapeshifter) (Elf:3)
  33 moths of wrath
  8 water nymphs
  A black mamba (shapeshifter) (Vaults:5)
  16 sirens
  25 sixfirhies
  A frost giant skeleton (Geh:3)
  2 stone giant skeletons
  9 guardian serpents
  2 worldbinders (Abyss:3)
  An iron dragon skeleton (Zig:20)
  8 apocalypse crabs
  6 centaur zombies
  17 fire giant skeletons
  25 smoke demons
  3 torpor snails (shapeshifter)
  2 ice statues
  A water nymph (shapeshifter) (WizLab)
  2 eyes of devastation (Zig:22)
  8 rust devils
  Psyche (D:9)
  A titan simulacrum (Abyss:3)
  10 black mambas
  2 shock serpent skeletons
  43 spiny frogs
  8 torpor snails
  16 vault sentinels
  8 naga magi
  A storm dragon simulacrum (Vaults:3)
  A pale draconian zombie (Crypt:2)
  3 molten gargoyles (Depths:3)
  A black draconian zombie (Crypt:1)
  4 elf zombies
  39 orange demons
  7 gargoyles
  19 komodo dragons
  4 spriggan zombies
  A dire elephant skeleton (Geh:1)
  2 spiny frogs (shapeshifter)
  13 hellions
  A komodo dragon (shapeshifter) (WizLab)
  A yaktaur (shapeshifter) (Vaults:3)
  16 deep elf priests
  4 elf skeletons
  15 kobold demonologists
  74 yaktaurs
  15 tormentors
  3 anaconda simulacra (IceCv)
  22 demonic crawlers
  4 ancient zymes
  14 tengu conjurers
  8 efreet
  38 blink frogs
  54 red devils
  A catoblepas skeleton (Crypt:3)
  10 guardian mummies
  8 trolls
  18 freezing wraiths
  34 merfolk
  3 hydra zombies
  2 silent spectres (Zig:21)
  12 wind drakes
  32 jumping spiders
  9 giant leeches
  A minotaur zombie (Crypt:2)
  5 fire drakes
  25 hellwings
  8 polar bears
  31 two-headed ogres
  A harpy skeleton (Crypt:1)
  6 raiju
  Grinder (D:3)
  Prince Ribbit (D:5)
  11 blue devils
  2 fire dragon zombies
  3 golden dragon simulacra (IceCv)
  4 snapping turtles (shapeshifter)
  A jumping spider (shapeshifter) (WizLab)
  A minotaur skeleton (Lab)
  A stone giant simulacrum (Crypt:1)
  A wind drake (shapeshifter) (WizLab)
  117 slime creatures
  3 ettin zombies
  2 hydra skeletons (Geh:1)
  A queen bee (shapeshifter) (Depths:3)
  4 bog bodies
  2 ice dragon zombies
  A satyr zombie (Crypt:1)
  2 alligator zombies (Hell)
  7 ushabtiu
  A boulder beetle (shapeshifter) (Vaults:5)
  29 trapdoor spiders
  7 boulder beetles
  3 slime creatures (shapeshifter)
  A redback (shapeshifter) (Vaults:2)
  13 snapping turtles
  A yak (shapeshifter) (Zig:23)
  6 ettin skeletons
  An ice dragon skeleton (Crypt:3)
  2 trapdoor spiders (shapeshifter)
  32 redbacks
  3 tarantellas (shapeshifter)
  10 wraiths
  39 ynoxinuls
  22 hippogriffs
  22 deep elf magi
  A fire bat (shapeshifter) (WizLab)
  9 fire dragon skeletons (Crypt:3)
  15 shadows
  7 wyverns
  38 flying skulls
  35 water elementals
  8 spriggan skeletons
  3 dire elephant simulacra (IceCv)
  7 air elementals
  9 basilisks
  52 yaks
  2 spriggans (shapeshifter)
  21 tarantellas
  2 fire bats (Geh:2)
  A black mamba skeleton (Crypt:3)
  27 vampire mosquitoes
  11 vampires
  2 hippogriffs (shapeshifter) (WizLab)
  A human (shapeshifter) (Vaults:5)
  3 hogs (D:12)
  A golden eye (Zig:22)
  8 hungry ghosts
  34 deep elf fighters
  A basilisk (shapeshifter) (WizLab)
  7 fire elementals
  2 golden eyes (shapeshifter)
  A steam dragon (Zig:24)
  A human simulacrum (Vaults:4)
  An iron troll simulacrum (IceCv)
  35 chaos spawn
  28 neqoxecs
  A soldier ant (D:13)
  7 wargs
  A death yak simulacrum (IceCv)
  2 mottled dragons
  2 insubstantial wisps (Zig:16)
  A mottled dragon (shapeshifter) (Zig:23)
  A soldier ant (shapeshifter) (WizLab)
  A naga (Zig:25)
  13 small abominations
  19 wolves
  30 water moccasins
  9 porcupines
  A harpy simulacrum (IceCv)
  A spiny frog zombie (Hell)
  7 hell hounds
  A water nymph skeleton (Crypt:2)
  An alligator simulacrum (IceCv)
  75 orc warriors
  3 swamp drakes
  13 boggarts
  A faun skeleton (Crypt:1)
  4 hydra simulacra (IceCv)
  5 phantoms
  A swamp dragon zombie (Geh:1)
  8 eyes of draining
  28 spiders
  A human zombie (Vaults:3)
  5 black bears
  9 necrophages
  3 black bears (shapeshifter)
  A manticore zombie (Geh:3)
  10 wasps
  33 centaurs
  58 ogres
  2 snapping turtle skeletons
  3 sky beasts
  21 crocodiles
  5 ice beasts
  An octopode zombie (Crypt:1)
  12 big kobolds
  5 brain worms
  A water moccasin zombie (D:12)
  7 earth elementals
  34 giant frogs
  2 wyvern skeletons
  An elephant simulacrum (IceCv)
  26 wights
  A swamp dragon simulacrum (IceCv)
  10 scorpions
  12 killer bees
  A troll skeleton (Lab)
  17 electric eels
  5 giant frog zombies
  21 crimson imps
  33 jellies
  4 iron imps
  36 orc priests
  4 quasits
  A two-headed ogre zombie (Crypt:1)
  A draconian simulacrum (IceCv)
  4 centaur skeletons
  A gnoll shaman (D:8)
  9 hounds
  3 giant frog skeletons
  Jessica (D:3)
  5 hell rats (Lair:6)
  A human skeleton (Geh:3)
  12 iguanas
  47 orc wizards
  A lightning spire (Zig:16)
  12 worker ants
  2 spriggan simulacra (IceCv)
  5 troll simulacra (IceCv)
  2 polar bear simulacra (IceCv)
  An ogre zombie (D:10)
  17 sheep
  A wolf simulacrum (IceCv)
  A deep dwarf zombie (Crypt:2)
  4 centaur simulacra (IceCv)
  An ogre skeleton (Lab)
  A hound skeleton (D:6)
  15 mummies
  3 worker ant zombies
  66 river rats
  3 ogre simulacra (IceCv)
  An adder (shapeshifter) (D:15)
  9 adders
  12 gnolls
  A naga simulacrum (IceCv)
  3 shadow imps
  16 white imps
  7 giant eyeballs
  An ufetubus (IceCv)
  7 oozes
  An adder skeleton (D:4)
  2 worms (D:2)
  9 giant geckos
  257 orcs
  4 giant cockroaches
  17 goblins
  22 hobgoblins
  3 jackals
  12 bats
  8 giant newts
  A giant newt skeleton (Crypt:2)
  26 kobolds
  A kobold zombie (Crypt:3)
  2 orc skeletons
  2 quokkas
  2 quokka skeletons (D:5)
  25 rats
  A rat skeleton (Crypt:1)
  13 briar patches (Zig:24)
  8 bushes
  2 crawling corpses
  9 fire vortices
  A fungus (Lair:8)
  2 lost souls (Crypt:3)
  23 plants
  A starspawn tentacle segment (Abyss:3)
5403 creatures vanquished.

Vanquished Creatures (collateral kills)
  A juggernaut (Depths:2)
  A greater mummy (Zig:15)
  A pandemonium lord (Zig:23)
  2 golden dragons
  A bone dragon (Zig:21)
  An acid blob (Slime:2)
  A shadow dragon (Vaults:5)
  A greater naga (Zig:25)
  2 tengu reavers
  An orc warlord (Zig:26)
  A cacodemon (Pan)
  A caustic shrike zombie (Zig:20)
  2 angels (Pan)
  A reaper (Hell)
  A draconian shifter (Zot:5)
  A draconian annihilator (Zot:4)
  A very ugly thing (Pan)
  A stone giant (Zig:26)
  2 caustic shrike skeletons (Zig:21)
  A vampire knight (Zig:11)
  An apis (Pan)
  A lorocyproca (Pan)
  2 mottled draconians (Zot:5)
  2 red draconians
  A fire dragon (Zot:1)
  2 titan skeletons
  A golden dragon zombie (Zig:20)
  An iron troll (Hell)
  An ironbrand convoker (Vaults:5)
  A death scarab (Zig:15)
  An ugly thing (Zig:23)
  A necromancer (Hell)
  2 orb spiders (Zig:14)
  A deep elf conjurer (Zig:27)
  A frost giant zombie (Zig:13)
  A naga mage (Zig:27)
  A deep elf priest (Vaults:5)
  A hydra zombie (Crypt:1)
  A tengu conjurer (Zig:27)
  A freezing wraith (Crypt:1)
  An alligator zombie (Hell)
  2 slime creatures (Slime:6)
  A deep elf fighter (Elf:3)
  A shadow (Zig:21)
  A neqoxec (Pan)
  A yak (Zig:24)
  A hungry ghost (Zig:21)
  A wraith (Zig:21)
  3 large abominations
  An ogre (Depths:1)
  5 jellies
  2 starcursed masses (Zig:18)
  A deep dwarf skeleton (Crypt:1)
  2 mummies (Zig:15)
  A river rat (Zig:24)
  5 white imps
  3 shadow imps (Zig:21)
  3 orcs (Zig:26)
  A ball python zombie (Crypt:1)
  2 crawling corpses
86 creatures vanquished.

Vanquished Creatures (others)
  A death cob (Zot:5)
  A red draconian (Zot:2)
  A spriggan skeleton (Zig:12)
  A wyvern (Lair:7)
  5 humans
  A hell hound (Hell)
  3 shadow imps (Zig:21)
  An ufetubus (IceCv)
  A crawling corpse (Elf:3)
  37 eldritch tentacle segments
  1202 fire vortices
  20 fungi
  4 lost souls
  37 plants
  4 starspawn tentacles
  8 starspawn tentacle segments (Abyss:3)
1327 creatures vanquished.

Grand Total: 6816 creatures vanquished

Notes
Turn   | Place    | Note
--------------------------------------------------------------
     0 | D:1      | xeno23 the Deep Elf Fire Elementalist began the quest for the Orb.
     0 | D:1      | Reached XP level 1. HP: 10/10 MP: 6/6
   294 | D:1      | Reached XP level 2. HP: 7/15 MP: 5/8
   729 | D:2      | Found a faded altar to an unknown god.
   876 | D:2      | Reached XP level 3. HP: 11/19 MP: 2/10
   884 | D:2      | Learned a level 3 spell: Conjure Flame
  1028 | D:2      | Reached skill level 4 in Spellcasting
  1206 | D:2      | Found a bloodstained altar of Trog.
  1206 | D:2      | Found an iron altar of Okawaru.
  1410 | D:3      | Noticed an ogre
  1519 | D:3      | Killed an ogre
  1519 | D:3      | Reached XP level 4. HP: 24/24 MP: 2/12
  1519 | D:3      | Reached XP level 5. HP: 28/28 MP: 2/14
  1551 | D:3      | Learned a level 4 spell: Sticky Flame
  1557 | D:3      | Learned a level 5 spell: Fireball
  1585 | D:3      | Noticed Jessica
  1626 | D:3      | Found a burning altar of Makhleb.
  1626 | D:3      | Found a shimmering altar of Xom.
  1644 | D:2      | Paralysed by a crimson imp for 7 turns
  1660 | D:3      | Reached skill level 5 in Spellcasting
  2036 | D:3      | Reached skill level 5 in Fire Magic
  2040 | D:3      | Reached XP level 6. HP: 25/32 MP: 3/16
  2105 | D:3      | Noticed Grinder
  2150 | D:3      | Killed Grinder
  2150 | D:3      | Reached skill level 6 in Spellcasting
  2220 | D:3      | Killed Jessica
  2225 | D:3      | Reached XP level 7. HP: 13/36 MP: 3/18
  2909 | D:4      | Found Manaqeurgh's Distillery.
  2917 | D:4      | Bought a potion of curing for 39 gold pieces
  2961 | D:4      | Reached skill level 7 in Spellcasting
  2961 | D:4      | Reached skill level 5 in Conjurations
  3773 | D:5      | Entered Level 5 of the Dungeon
  3774 | D:5      | Found Equs's Gadget Shop.
  3880 | D:5      | Reached XP level 8. HP: 41/41 MP: 18/21
  4338 | D:5      | Found a glowing golden altar of the Shining One.
  4368 | D:5      | Reached skill level 8 in Spellcasting
  4425 | D:5      | Noticed Prince Ribbit
  4614 | D:5      | Killed Prince Ribbit
  5035 | D:6      | Reached skill level 9 in Spellcasting
  5148 | D:4      | Bought a potion of heal wounds for 65 gold pieces
  5162 | D:4      | Bought a potion of heal wounds for 65 gold pieces
  5815 | D:6      | Reached XP level 9. HP: 19/45 MP: 7/24
  6504 | D:6      | Reached skill level 10 in Spellcasting
  6639 | D:6      | Got a translucent diamond amulet
  6650 | D:6      | Identified the amulet of Cinicw {Clar rElec Dex+3} (You found it on level 6 of the Dungeon)
  6752 | D:7      | Found a staircase to the Ecumenical Temple.
  6763 | Temple   | Entered the Ecumenical Temple
  6787 | Temple   | Became a worshipper of Vehumet
  7036 | D:7      | Reached skill level 1 in Fighting
  7046 | D:7      | Found a bloodstained altar of Trog.
  7371 | D:7      | Found a stormy altar of Qazlal.
  7604 | D:7      | Found a deep blue altar of Sif Muna.
  7779 | D:8      | Reached skill level 5 in Dodging
  7820 | D:8      | Found a sparkling altar of Nemelex Xobeh.
  7851 | D:8      | Reached * piety under Vehumet
  7851 | D:8      | Offered knowledge of Freeze by Vehumet.
  8131 | D:8      | Reached XP level 10. HP: 51/54 MP: 1/26
  8439 | D:8      | Found a burning altar of Makhleb.
  8731 | D:9      | Noticed Psyche
  8733 | D:9      | Killed Psyche
  8867 | D:9      | Offered knowledge of Magic Dart by Vehumet.
  8902 | D:9      | Found a shadowy altar of Dithmenos.
  9288 | D:9      | Noticed an unseen horror
  9296 | D:9      | Killed an unseen horror
  9296 | D:9      | Reached skill level 5 in Fighting
  9950 | D:10     | Entered Level 10 of the Dungeon
 10190 | D:10     | Noticed an unseen horror
 10202 | D:10     | Killed an unseen horror
 10244 | D:10     | Reached ** piety under Vehumet
 10295 | D:10     | Reached XP level 11. HP: 38/66 MP: 3/27
 10514 | D:10     | Noticed a hill giant
 10530 | D:10     | Killed a hill giant
 10530 | D:10     | Reached skill level 10 in Dodging
 10706 | D:10     | Noticed an unseen horror
 10708 | D:10     | Killed an unseen horror
 10848 | D:10     | Offered knowledge of Static Discharge by Vehumet.
 10889 | D:10     | Reached *** piety under Vehumet
 10935 | D:10     | Noticed Erolcha
 10941 | D:10     | Killed Erolcha
 10941 | D:10     | Reached skill level 11 in Spellcasting
 11454 | D:11     | Offered knowledge of Iskenderun's Mystic Blast by Vehumet.
 11487 | D:11     | Learned a level 4 spell: Iskenderun's Mystic Blast
 11696 | D:11     | Reached skill level 10 in Fire Magic
 11759 | D:11     | Found a staircase to the Lair.
 11798 | D:11     | Noticed a skeletal warrior
 11798 | D:11     | Noticed a skeletal warrior
 11800 | D:11     | Noticed a skeletal warrior
 11811 | D:11     | Noticed Urug
 11825 | Lair:1   | Entered Level 1 of the Lair of Beasts
 11842 | Lair:1   | Reached XP level 12. HP: 35/72 MP: 13/29
 12053 | Lair:1   | Noticed Erica
 12057 | Lair:1   | Killed Erica
 12340 | Lair:1   | Noticed Fannar
 12343 | Lair:1   | Killed Fannar
 12343 | Lair:1   | Reached **** piety under Vehumet
 12433 | Lair:1   | Reached skill level 12 in Spellcasting
 12578 | Lair:1   | Offered knowledge of Lightning Bolt by Vehumet.
 12889 | Lair:2   | Learned a level 7 spell: Delayed Fireball
 12924 | Lair:2   | Learned a level 6 spell: Bolt of Fire
 13151 | Lair:2   | Found a bloodstained altar of Trog.
 13167 | Lair:2   | Reached skill level 10 in Conjurations
 13787 | Lair:3   | Reached skill level 1 in Shields
 13902 | Lair:3   | Noticed Nergalle
 13904 | Lair:3   | Killed Nergalle
 13905 | Lair:3   | Noticed a four-headed hydra
 13912 | Lair:3   | Killed a four-headed hydra
 14114 | Lair:3   | Found a staircase to the Shoals.
 15060 | Lair:4   | Reached ***** piety under Vehumet
 15060 | Lair:4   | Reached XP level 13. HP: 69/79 MP: 23/31
 15547 | Lair:4   | Reached skill level 13 in Spellcasting
 15690 | Lair:4   | Offered knowledge of Throw Icicle by Vehumet.
 16686 | Lair:5   | Found a hole to the Spider Nest.
 17674 | Lair:6   | Noticed an acid blob
 17678 | Lair:6   | Killed an acid blob
 17933 | Lair:6   | Found a staircase to the Slime Pits.
 17964 | Lair:6   | Found a viscous altar of Jiyva.
 18041 | Lair:6   | Offered knowledge of Olgreb's Toxic Radiance by Vehumet.
 18182 | Lair:6   | Reached skill level 1 in Evocations
 18219 | Lair:6   | Got a transparent chain mail
 18230 | Lair:6   | Identified the cursed +1 chain mail "Hopemos" {*Confuse rCorr Str+4 Int+7} (You found it on level 6 of the Lair of Beasts)
 19025 | Lair:7   | Reached XP level 14. HP: 63/86 MP: 12/33
 19087 | Lair:7   | Reached skill level 14 in Spellcasting
 20132 | Lair:7   | Reached skill level 5 in Evocations
 20558 | Lair:8   | Entered Level 8 of the Lair of Beasts
 20915 | Lair:8   | Offered knowledge of Bolt of Magma by Vehumet.
 22039 | Lair:8   | Reached XP level 15. HP: 65/92 MP: 9/35
 22166 | Lair:8   | Reached skill level 10 in Fighting
 22173 | Lair:8   | Offered knowledge of Conjure Ball Lightning by Vehumet.
 22268 | Lair:8   | Gained mutation: You are occasionally teleported to nearby monsters. [potion of mutation]
 22268 | Lair:8   | Gained mutation: You occasionally shout uncontrollably at your foes. [potion of mutation]
 22268 | Lair:8   | Gained mutation: You have a pair of small horns on your head. [potion of mutation]
 22269 | Lair:8   | Gained mutation: You are dopey. (Int -2) [potion of mutation]
 22269 | Lair:8   | Gained mutation: You are weak. (Str -2) [potion of mutation]
 22269 | Lair:8   | Gained mutation: You can translocate small distances at will. [potion of mutation]
 22301 | Lair:8   | Got a twisted plate armour
 22312 | Lair:8   | Identified the +4 plate armour "Icisoj" {rCorr Stlth+} (You found it on level 8 of the Lair of Beasts)
 22835 | Lair:1   | Killed Urug
 23046 | D:11     | Killed a skeletal warrior
 23058 | D:11     | Killed a skeletal warrior
 23058 | D:11     | Killed a skeletal warrior
 23236 | D:11     | Found a glowing silver altar of Zin.
 23536 | D:4      | Bought a potion of cure mutation for 455 gold pieces
 23536 | D:4      | Bought a potion of resistance for 130 gold pieces
 23536 | D:4      | Bought 2 potions of agility for 104 gold pieces
 23536 | D:4      | Bought a potion of agility for 52 gold pieces
 23537 | D:4      | Lost mutation: You are dopey. (Int -2) [potion of cure mutation]
 23537 | D:4      | Lost mutation: You occasionally shout uncontrollably at your foes. [potion of cure mutation]
 23537 | D:4      | Lost mutation: You have a pair of small horns on your head. [potion of cure mutation]
 23537 | D:4      | Lost mutation: You are weak. (Str -2) [potion of cure mutation]
 23537 | D:4      | Lost mutation: You can translocate small distances at will. [potion of cure mutation]
 23750 | D:11     | Reached skill level 15 in Spellcasting
 23837 | D:11     | Noticed an unseen horror
 23847 | D:11     | Killed an unseen horror
 23874 | D:11     | Found a staircase to the Orcish Mines.
 23879 | Orc:1    | Entered Level 1 of the Orcish Mines
 23972 | Orc:1    | Found a flagged portal.
 23991 | Bailey   | Entered a bailey
 24043 | Bailey   | Found an iron altar of Okawaru.
 24055 | Bailey   | Noticed herpmino's ghost (novice HOWr)
 24063 | Bailey   | Killed herpmino's ghost
 24070 | Bailey   | Noticed Sar's ghost (novice CeWz)
 24102 | Bailey   | Killed Sar's ghost
 24286 | Bailey   | Offered knowledge of Bolt of Cold by Vehumet.
 24305 | Bailey   | Noticed 4thArraOfDagon's ghost (novice TeAs)
 24310 | Bailey   | Killed 4thArraOfDagon's ghost
 24738 | Bailey   | Got a sheer robe
 24749 | Bailey   | Identified the cursed +0 robe of Greed {-Tele rC+ rN+ Str+3} (You found it in a bailey)
 25219 | Orc:1    | Lost mutation: You are occasionally teleported to nearby monsters. [potion of cure mutation]
 25874 | Orc:2    | Noticed Sonja
 25875 | Orc:2    | Killed Sonja
 25882 | Orc:2    | Reached ****** piety under Vehumet
 26011 | Orc:2    | Offered knowledge of Ozocubu's Refrigeration by Vehumet.
 26881 | Orc:4    | Entered Level 4 of the Orcish Mines
 26937 | Orc:3    | Found a staircase to the Elven Halls.
 27098 | Orc:3    | Found Boraen's Assorted Antiques.
 27112 | Orc:3    | Bought an embroidered robe for 20 gold pieces
 27112 | Orc:3    | Bought a scroll of identify for 58 gold pieces
 27112 | Orc:3    | Bought a pair of runed gloves for 130 gold pieces
 28304 | Orc:4    | Offered knowledge of Poison Arrow by Vehumet.
 28498 | Orc:4    | Learned a level 6 spell: Poison Arrow
 28568 | Orc:4    | Reached skill level 15 in Fire Magic
 28852 | Orc:4    | Found Buucobrir's General Store.
 28853 | Orc:4    | Found Jonej's Book Emporium.
 28854 | Orc:4    | Found Pycesu's Antique Armour Shoppe.
 28854 | Orc:4    | Found Qyezuyt's Antique Weapon Shoppe.
 28858 | Orc:4    | Bought a glowing hat for 108 gold pieces
 28889 | Orc:4    | Bought a potion of curing for 42 gold pieces
 28889 | Orc:4    | Bought a scroll of identify for 28 gold pieces
 28889 | Orc:4    | Bought a scroll of recharging for 133 gold pieces
 29187 | D:11     | Noticed a hill giant
 29189 | D:11     | Killed a hill giant
 29562 | D:12     | Found a portal to a secret trove of treasure.
 29635 | D:12     | Found a huge runed gate.
 29635 | D:12     | Found a huge runed gate.
 29635 | D:12     | Found a huge runed gate.
 29635 | D:12     | Found a huge runed gate.
 30151 | D:12     | Reached skill level 16 in Spellcasting
 30275 | D:13     | Reached XP level 16. HP: 97/97 MP: 15/38
 30649 | D:13     | Offered knowledge of Lehudib's Crystal Spear by Vehumet.
 30649 | D:13     | Offered knowledge of Fire Storm by Vehumet.
 30649 | D:13     | Offered knowledge of Shatter by Vehumet.
 30664 | D:13     | Learned a level 9 spell: Fire Storm
 31258 | D:13     | Found a gate to the Vaults.
 31531 | D:14     | Found a labyrinth entrance.
 31569 | Lab      | Entered a labyrinth
 33505 | D:15     | Entered Level 15 of the Dungeon
 33627 | D:15     | Reached skill level 17 in Spellcasting
 33903 | D:15     | Got a brightly glowing plate armour
 33914 | D:15     | Identified the +3 plate armour of the Comet {rC++ MP-9 Int+9} (You found it on level 15 of the Dungeon)
 34366 | D:15     | Found a staircase to the Depths.
 34966 | Spider:1 | Entered Level 1 of the Spider Nest
 35241 | Spider:1 | Got an ancient executioner's axe
 35248 | Spider:1 | Identified the +10 executioner's axe of Rotation {drain, +Inv Int+3} (You found it on level 1 of the Spider Nest)
 35288 | Spider:1 | Noticed Louise
 35293 | Spider:1 | Killed Louise
 35962 | Spider:2 | Reached XP level 17. HP: 89/102 MP: 5/40
 36434 | Spider:3 | Noticed Roxanne
 36523 | Spider:3 | Reached skill level 18 in Spellcasting
 36589 | Spider:3 | Reached skill level 15 in Conjurations
 37298 | Spider:3 | Killed Roxanne
 37552 | Spider:4 | Entered Level 4 of the Spider Nest
 37557 | Spider:4 | Noticed Arachne
 38378 | Spider:3 | Killed Arachne
 39532 | Spider:3 | Reached skill level 19 in Spellcasting
 39859 | Spider:4 | Got a gossamer rune of Zot
 40039 | Shoals:1 | Entered Level 1 of the Shoals
 40136 | Shoals:1 | Found Utokoeck's Antique Weapon Shop.
 40210 | Shoals:1 | Reached XP level 18. HP: 108/108 MP: 19/43
 40846 | Shoals:2 | You fall through a shaft!
 41482 | Shoals:2 | Got an amber-studded scale mail
 41493 | Shoals:2 | Identified the cursed +1 scale mail of Vautoe {rPois rC- rN+ Regen+ Dex+2} (You found it on level 2 of the Shoals)
 41758 | Shoals:3 | Learned a level 6 spell: Deflect Missiles
 41765 | Shoals:3 | Learned a level 6 spell: Haste
 41790 | Shoals:3 | Reached skill level 1 in Charms
 42349 | Shoals:4 | Entered Level 4 of the Shoals
 42372 | Shoals:4 | Reached skill level 5 in Charms
 43072 | Shoals:4 | Noticed Ilsuiw
 43516 | Shoals:4 | Reached skill level 20 in Spellcasting
 43556 | Shoals:4 | Got a polished scimitar
 43557 | Shoals:4 | Identified the +3 scimitar "Kyicwuku" {drain, rPois} (You found it on level 4 of the Shoals)
 43625 | Shoals:4 | Got a barnacled rune of Zot
 44143 | Shoals:4 | Got a vibrating ivory amulet
 44145 | Shoals:4 | Identified the amulet "Ihegoz" {Ward *Confuse rN+ Dex+4 Slay+2} (You found it on level 4 of the Shoals)
 44184 | Shoals:4 | Got an iridescent lajatang
 44210 | Shoals:4 | Killed Ilsuiw
 44234 | Shoals:4 | Identified the +4 lajatang of Makhleb's Indignation {slice, rC++ rN+ Str+4 Dex+3} (You found it on level 4 of the Shoals)
 44742 | Vaults:1 | Entered Level 1 of the Vaults
 44746 | Vaults:1 | Reached XP level 19. HP: 112/112 MP: 39/45
 45086 | Vaults:1 | Reached skill level 10 in Charms
 45240 | Vaults:1 | Noticed Wiglaf
 45441 | Vaults:1 | Killed Wiglaf
 45998 | Vaults:2 | Found a magical portal.
 46007 | WizLab   | Entered Cigotuvi's Fleshworks
 47407 | WizLab   | Got a crude sapphire amulet
 47454 | WizLab   | Reached skill level 21 in Spellcasting
 47467 | WizLab   | Identified Cigotuvi's Collected Works on Shifting Black Rites
 47471 | WizLab   | Identified Konic's Reference Book on Moulding
 47603 | WizLab   | Gained mutation: You can spit weak poison. [potion of mutation]
 47603 | WizLab   | Gained mutation: You are partially covered in rugged brown scales (AC +1, +3% HP). [potion of mutation]
 47603 | WizLab   | Gained mutation: You are agile. (Dex +2) [potion of mutation]
 47604 | WizLab   | Lost mutation: You are agile. (Dex +2) [potion of mutation]
 47604 | WizLab   | Gained mutation: You occasionally shout uncontrollably at your foes. [potion of mutation]
 47604 | WizLab   | Gained mutation: You are partially covered in slimy green scales (AC +2). [potion of mutation]
 47605 | WizLab   | Lost mutation: You occasionally shout uncontrollably at your foes. [potion of mutation]
 47605 | WizLab   | Gained mutation: You possess an exceptional clarity of mind. [potion of mutation]
 47605 | WizLab   | Gained mutation: Your spells are a little harder to cast, but a little more powerful. [potion of mutation]
 47606 | WizLab   | Gained mutation: Scrolls take you a little longer to read. [potion of mutation]
 47606 | WizLab   | Gained mutation: You evolve. [potion of mutation]
 47606 | WizLab   | Gained mutation: You have a pair of small horns on your head. [potion of mutation]
 47607 | WizLab   | Gained mutation: You are agile. (Dex +2) [potion of mutation]
 47607 | WizLab   | Lost mutation: You can spit weak poison. [potion of mutation]
 47608 | WizLab   | Gained mutation: Armour fits poorly on your strangely shaped body. [potion of mutation]
 47608 | WizLab   | Gained mutation: You can breathe flames. [potion of mutation]
 47609 | WizLab   | Gained mutation: Your mind is acute. (Int +2) [potion of mutation]
 47610 | WizLab   | Gained mutation: Your muscles are strong. (Str +2) [potion of beneficial mutation]
 47611 | WizLab   | Gained mutation: Your spells are harder to cast, but more powerful. [potion of beneficial mutation]
 48080 | Vaults:2 | Identified the amulet of Lugonu's Benevolence {rMut Str+2} (You found it in a wizard's laboratory)
 48400 | Vaults:2 | Found a staircase to the Crypt.
 48927 | D:12     | You paid a toll of 2 potions of cure mutation to enter a treasure trove
 48928 | Trove    | Entered a treasure trove
 48949 | Trove    | Got a translucent leather armour
 48951 | Trove    | Got a translucent wooden ring
 48981 | Trove    | Got a pitted copper ring
 48992 | Trove    | Got a polished long sword
 49029 | Trove    | Identified the +2 leather armour of Modesty {rF+ rC+ MP+9 Int+2} (You found it in a treasure trove)
 49029 | Trove    | Identified the +5 long sword "Death Rattle" {freeze, +Inv rF- rC- Int+2} (You found it in a treasure trove)
 49032 | Trove    | Identified the ring "Urogok" {+/*Tele rN+} (You found it in a treasure trove)
 49038 | Trove    | Identified the ring "Raplath" {Wiz MR+ Dex+4 Stlth+} (You found it in a treasure trove)
 49296 | Lair:1   | Learned a level 2 spell: Sublimation of Blood
 49299 | Lair:1   | Learned a level 2 spell: Stoneskin
 49431 | Elf:1    | Entered Level 1 of the Elven Halls
 49633 | Elf:1    | Found a frozen archway.
 49650 | IceCv    | Entered an ice cave
 49861 | IceCv    | Got a spiked cloak
 49872 | IceCv    | Identified the +0 cloak of Compression {rElec rPois Str+2 SInv} (You found it in an ice cave)
 49907 | IceCv    | Gained mutation: You are very agile. (Dex +4) [evolution]
 49942 | IceCv    | Reached XP level 20. HP: 121/121 MP: 47/47
 49972 | IceCv    | Got a pair of crude gloves
 49983 | IceCv    | Identified the +0 pair of gloves of Gluttony {+Blink rElec Dex+2} (You found it in an ice cave)
 50163 | Elf:1    | Found Daam's Gadget Shop.
 50347 | Elf:1    | Identified the Reference Book on Companions
 50884 | Elf:1    | Got a translucent silver ring
 51156 | Elf:2    | Found a runed gate.
 51156 | Elf:2    | Found a runed gate.
 51156 | Elf:2    | Found a runed gate.
 51676 | Elf:2    | Identified the cursed ring "Loutej" {*Confuse rPois rF++ MR+ Dex-2} (You took it off a deep elf fighter on level 1 of the Elven Halls)
 51731 | Elf:2    | Found Dipree's Jewellery Shoppe.
 51824 | Elf:2    | Bought the amulet of Vitality {Regen+ HP+15} for 407 gold pieces
 51834 | Elf:2    | Gained mutation: Your flesh is cold resistant. [potion of beneficial mutation]
 51973 | Elf:3    | Entered Level 3 of the Elven Halls
 51973 | Elf:3    | Noticed Donald
 51974 | Elf:3    | Killed Donald
 52131 | Elf:3    | Found Epniryaz's Jewellery Shoppe.
 52165 | Elf:3    | Noticed Aizul
 52167 | Elf:3    | Killed Aizul
 52349 | Elf:3    | Reached XP level 21. HP: 128/128 MP: 28/48
 52521 | Elf:3    | Identified the Catalogue of Boosting Enchantment
 52541 | Elf:3    | Got a translucent scythe
 52542 | Elf:3    | Identified the cursed +2 scythe "Curirph" {slice, SInv} (You found it on level 3 of the Elven Halls)
 52649 | Elf:3    | Got a scorched garnet amulet
 52651 | Elf:3    | Identified the amulet of Wawkid {Inacc rElec Str-5 Int+3} (You found it on level 3 of the Elven Halls)
 52786 | Elf:3    | Noticed Norris
 52791 | Elf:3    | Killed Norris
 52826 | Elf:3    | Noticed Saint Roka
 52829 | Elf:3    | Killed Saint Roka
 52829 | Elf:3    | Reached skill level 22 in Spellcasting
 53062 | Elf:3    | Learned a level 2 spell: Blink
 53672 | Vaults:3 | Reached skill level 15 in Dodging
 53978 | Vaults:3 | Got a blackened lajatang
 54088 | Vaults:3 | Learned a level 3 spell: Ozocubu's Armour
 54887 | Vaults:4 | Identified the +10 lajatang of Pride {slice, +Fly SInv} (You took it off an orc on level 3 of the Vaults)
 55734 | Vaults:5 | Entered Level 5 of the Vaults
 55736 | Vaults:5 | Reached XP level 22. HP: 138/138 MP: 50/50
 56071 | Vaults:5 | Upgraded the game from 0.17.0-24-gcfadda4 to 0.17.0-25-gefc9c12
 56071 | Vaults:5 | Reached skill level 23 in Spellcasting
 56072 | Vaults:5 | Cast into the Abyss (eldritch tentacle)
 56502 | Abyss:3  | Reached XP level 23. HP: 145/145 MP: 38/52
 56775 | Abyss:3  | Got an abyssal rune of Zot
 56854 | Vaults:5 | Escaped the Abyss
 56957 | Vaults:5 | Found Cuziyr's Book Shoppe.
 57023 | Vaults:5 | Got a warped lajatang
 57042 | Vaults:5 | Got a dazzling chain mail
 57103 | Vaults:5 | Got a spiked hat
 57206 | Vaults:5 | Got a smoking iron ring
 57529 | Vaults:5 | Got a crystal trident
 57530 | Vaults:5 | Identified the cursed +3 trident "Untiprav" {pierce, rN+ SInv} (You found it on level 5 of the Vaults)
 57741 | Vaults:5 | Identified the cursed +1 lajatang of Calamity {slice, rElec rF+ rC+ Str-3} (You found it on level 5 of the Vaults)
 57744 | Vaults:5 | Identified the +1 chain mail "Pefruq" {+Fly rCorr Int-4 Stlth+} (You found it on level 5 of the Vaults)
 57747 | Vaults:5 | Identified the +2 hat of the Cuttlefish {rF+ rCorr} (You found it on level 5 of the Vaults)
 57783 | Vaults:5 | Identified the ring "Luatwo" {Str+2 Int+6 Dex+3 Stlth-} (You took it off a yaktaur captain on level 5 of the Vaults)
 57829 | Vaults:5 | Got a silver rune of Zot
 58529 | Slime:1  | Entered Level 1 of the Pits of Slime
 58539 | Slime:2  | Noticed Dissolution
 58541 | Slime:2  | Killed Dissolution
 58832 | Slime:6  | Entered Level 6 of the Pits of Slime
 59098 | Slime:6  | Found a viscous altar of Jiyva.
 59118 | Slime:6  | Noticed the royal jelly
 59119 | Slime:6  | Killed the royal jelly
 59598 | Slime:6  | Got a steaming bone ring
 59601 | Slime:6  | Identified the ring of Kuxzy {+Fly rElec MR- Dex+2 Stlth-} (You found it on level 6 of the Pits of Slime)
 59612 | Slime:6  | Reached XP level 24. HP: 152/152 MP: 52/52
 59628 | Slime:6  | Learned a level 8 spell: Lehudib's Crystal Spear
 59633 | Slime:6  | Got a transparent silver ring
 59636 | Slime:6  | Identified the ring "Honisib" {+/*Tele +Inv MR+} (You found it on level 6 of the Pits of Slime)
 59667 | Slime:6  | Got an ancient marble ring
 59670 | Slime:6  | Identified the ring "Ukhovehe" {rC++ Str+4 Dex+3} (You found it on level 6 of the Pits of Slime)
 59720 | Slime:6  | Identified Peolluw's Disquisition on the Frostbite
 59722 | Slime:6  | Got a slimy rune of Zot
 60282 | Depths:1 | Entered Level 1 of the Depths
 60367 | Depths:1 | Reached skill level 1 in Earth Magic
 60398 | Depths:1 | Found a gateway to a ziggurat.
 60400 | Depths:1 | Paralysed by a giant eyeball for 3 turns
 60679 | Depths:1 | Found a gateway to Hell.
 61510 | Depths:2 | Reached skill level 24 in Spellcasting
 61519 | Depths:2 | Noticed a juggernaut
 62045 | Depths:2 | Reached skill level 5 in Earth Magic
 62142 | Depths:2 | Killed a juggernaut
 62333 | Depths:3 | Reached skill level 15 in Fighting
 62344 | Depths:3 | Reached XP level 25. HP: 159/159 MP: 51/53
 62439 | Depths:3 | Found a one-way gate leading to the halls of Pandemonium.
 62716 | Depths:3 | Reached skill level 25 in Spellcasting
 62739 | Depths:3 | Found a runed door.
 62760 | Depths:3 | Found a radiant altar of Vehumet.
 62760 | Depths:3 | Noticed an ancient lich
 62766 | Depths:3 | Killed an ancient lich
 62780 | Depths:3 | Identified the Collected Works on Scorching Attacks
 63188 | Depths:3 | Identified the Volume of Ice and Arcane Weapons
 63191 | Depths:3 | Identified Ybujubab's Grimoire of Hurtful Feathers
 63476 | Depths:4 | Found a shattered altar of Ashenzari.
 63762 | Depths:4 | Found a burning altar of Makhleb.
 63851 | Depths:4 | Found a runed door.
 63853 | Depths:4 | Found a runed door.
 64304 | Depths:4 | Reached skill level 26 in Spellcasting
 64381 | Depths:4 | Found a one-way gate to the infinite horrors of the Abyss.
 64533 | Depths:5 | Entered Level 5 of the Depths
 64719 | Depths:5 | Noticed a juggernaut
 64720 | Depths:5 | Killed a juggernaut
 64775 | Depths:5 | Reached XP level 26. HP: 165/165 MP: 35/55
 64803 | Depths:5 | Reached skill level 27 in Spellcasting
 64944 | Depths:5 | Reached skill level 1 in Necromancy
 64980 | Depths:5 | Noticed Jorgrun
 64981 | Depths:5 | Killed Jorgrun
 65280 | Depths:5 | Found a gate to the Realm of Zot.
 66347 | Crypt:1  | Entered Level 1 of the Crypt
 66348 | Crypt:1  | Reached skill level 5 in Shields
 66358 | Crypt:1  | Noticed Xtahua
 66362 | Crypt:1  | Killed Xtahua
 66834 | Crypt:2  | Noticed Margery
 66844 | Crypt:2  | Killed Margery
 66942 | Crypt:2  | Killed the ghostly Margery
 67405 | Crypt:2  | Noticed Frederick
 67408 | Crypt:2  | Killed Frederick
 67463 | Crypt:2  | Reached skill level 10 in Evocations
 67517 | Crypt:2  | Noticed Mennas
 67536 | Crypt:2  | Killed Mennas
 67765 | Crypt:3  | Entered Level 3 of the Crypt
 68070 | Crypt:3  | Identified the Papyrus of the Frigorific Birds
 68736 | Crypt:3  | Found a staircase to the Tomb.
 68738 | Crypt:3  | Noticed an ancient lich
 68740 | Crypt:3  | Killed an ancient lich
 68740 | Crypt:3  | Reached XP level 27. HP: 174/174 MP: 45/56
 68751 | Crypt:3  | Noticed an ancient lich
 68805 | Crypt:3  | Killed an ancient lich
 69274 | Crypt:3  | Upgraded the game from 0.17.0-25-gefc9c12 to 0.17.0-26-gececa24
 69290 | Crypt:3  | Learned a level 8 spell: Necromutation
 69426 | Crypt:3  | Reached skill level 1 in Transmutations
 69920 | Zot:1    | Entered Level 1 of the Realm of Zot
 70008 | Zot:1    | Reached skill level 5 in Necromancy
 70130 | Zot:1    | Reached skill level 5 in Transmutations
 71203 | Zot:2    | Reached skill level 10 in Necromancy
 71404 | Zot:2    | Reached skill level 10 in Transmutations
 72358 | Zot:4    | Reached skill level 10 in Shields
 72747 | Zot:5    | Entered Level 5 of the Realm of Zot
 72833 | Zot:5    | Noticed an ancient lich
 72836 | Zot:5    | Killed an ancient lich
 72839 | Zot:5    | Noticed an orb of fire
 72843 | Zot:5    | Noticed an ancient lich
 72844 | Zot:5    | Noticed an orb of fire
 72852 | Zot:5    | Killed an ancient lich
 72861 | Zot:5    | Killed an orb of fire
 72861 | Zot:5    | Killed an orb of fire
 73031 | Zot:5    | Noticed an ancient lich
 73033 | Zot:5    | Killed an ancient lich
 73118 | Zot:5    | Noticed an orb of fire
 73121 | Zot:5    | Killed an orb of fire
 73133 | Zot:5    | Noticed an orb of fire
 73135 | Zot:5    | Killed an orb of fire
 73166 | Zot:5    | Noticed an ancient lich
 73168 | Zot:5    | Killed an ancient lich
 73211 | Zot:5    | Reached skill level 15 in Necromancy
 73235 | Zot:5    | Noticed an orb of fire
 73241 | Zot:5    | Killed an orb of fire
 74762 | Zig:1    | Entered Level 1 of a ziggurat
 74782 | Zig:2    | Entered Level 2 of a ziggurat
 74807 | Zig:3    | Entered Level 3 of a ziggurat
 74832 | Zig:4    | Entered Level 4 of a ziggurat
 74849 | Zig:4    | Identified Sif Muna's Disquisition on Fascination
 74852 | Zig:5    | Entered Level 5 of a ziggurat
 74893 | Zig:6    | Entered Level 6 of a ziggurat
 74912 | Zig:6    | Identified Iskenderun's Volume of Conjuration
 74961 | Zig:7    | Entered Level 7 of a ziggurat
 74967 | Zig:7    | Reached skill level 15 in Shields
 75004 | Zig:8    | Entered Level 8 of a ziggurat
 75059 | Zig:9    | Entered Level 9 of a ziggurat
 75097 | Zig:9    | Got a translucent bone ring
 75109 | Zig:9    | Identified the ring "Reetopaa" {MR+ Int+8} (You found it on level 9 of a ziggurat)
 75112 | Zig:10   | Entered Level 10 of a ziggurat
 75121 | Zig:10   | Noticed Lieconin the pandemonium lord
 75122 | Zig:10   | Noticed Eqecoali the pandemonium lord
 75122 | Zig:10   | Reached skill level 15 in Transmutations
 75123 | Zig:10   | Killed Lieconin the pandemonium lord
 75123 | Zig:10   | Killed Eqecoali the pandemonium lord
 75136 | Zig:10   | Got a shimmering graven amulet
 75146 | Zig:10   | Got a flickering jade ring
 75176 | Zig:10   | Identified the amulet "Lumoxt" {Faith +Inv} (You found it on level 10 of a ziggurat)
 75179 | Zig:10   | Identified the ring of Saaddar {*Drain rPois MP+9 Str+4} (You found it on level 10 of a ziggurat)
 75184 | Zig:11   | Entered Level 11 of a ziggurat
 75256 | Zig:12   | Entered Level 12 of a ziggurat
 75379 | Zig:13   | Entered Level 13 of a ziggurat
 75639 | Zig:13   | Got a glittering diamond amulet
 75665 | Zig:13   | Identified the amulet "Haahont" {Inacc MR+ Int+6} (You found it on level 13 of a ziggurat)
 75680 | Zig:14   | Entered Level 14 of a ziggurat
 75723 | Zig:14   | Got a bloodstained trident
 75726 | Zig:14   | Identified the +8 trident "Goblinslayer" {pain, rF+++ rC+ Str-4 Stlth-} (You found it on level 14 of a ziggurat)
 75790 | Zig:15   | Entered Level 15 of a ziggurat
 75931 | Zig:16   | Entered Level 16 of a ziggurat
 76031 | Zig:17   | Entered Level 17 of a ziggurat
 76052 | Zig:17   | Noticed a juggernaut
 76054 | Zig:17   | Killed a juggernaut
 76061 | Zig:17   | Reached skill level 5 in Stealth
 76079 | Zig:17   | Got a faintly glowing ruby amulet
 76082 | Zig:17   | Identified the amulet of the Illusory Wishes {Ward rPois rF+ rN+ Str-2} (You found it on level 17 of a ziggurat)
 76097 | Zig:17   | Got a scorched iron amulet
 76100 | Zig:17   | Identified the amulet "Zeewen" {Inacc rElec rC+ MR-} (You found it on level 17 of a ziggurat)
 76105 | Zig:17   | Reached skill level 5 in Staves
 76105 | Zig:17   | Reached skill level 5 in Translocations
 76115 | Zig:17   | Identified the Grimoire of Fanaticism
 76161 | Zig:18   | Entered Level 18 of a ziggurat
 76207 | Zig:18   | Got a glittering amber ring
 76210 | Zig:18   | Identified the ring "Nextaz" {SustAt rPois Int+5} (You found it on level 18 of a ziggurat)
 76284 | Zig:19   | Entered Level 19 of a ziggurat
 76293 | Zig:19   | Noticed Rionuog the pandemonium lord
 76294 | Zig:19   | Noticed Abribuof the pandemonium lord
 76295 | Zig:19   | Killed Abribuof the pandemonium lord
 76299 | Zig:19   | Noticed Vukkirat the pandemonium lord
 76299 | Zig:19   | Killed Rionuog the pandemonium lord
 76301 | Zig:19   | Noticed Zopau the pandemonium lord
 76301 | Zig:19   | Killed Vukkirat the pandemonium lord
 76302 | Zig:19   | Noticed Diynaved the pandemonium lord
 76302 | Zig:19   | Killed Zopau the pandemonium lord
 76306 | Zig:19   | Noticed Enoetina the pandemonium lord
 76307 | Zig:19   | Killed Diynaved the pandemonium lord
 76307 | Zig:19   | Killed Enoetina the pandemonium lord
 76310 | Zig:19   | Noticed Rautzej the pandemonium lord
 76310 | Zig:19   | Noticed Ozy Umoh the pandemonium lord
 76311 | Zig:19   | Killed Rautzej the pandemonium lord
 76312 | Zig:19   | Noticed Agit Buo the pandemonium lord
 76312 | Zig:19   | Killed Agit Buo the pandemonium lord
 76312 | Zig:19   | Killed Ozy Umoh the pandemonium lord
 76402 | Zig:20   | Entered Level 20 of a ziggurat
 76475 | Zig:20   | Learned a level 3 spell: Regeneration
 76481 | Zig:20   | Learned a level 5 spell: Aura of Abjuration
 76495 | Zig:20   | Got a colourful robe
 76498 | Zig:20   | Identified the cursed +1 robe "Qigedot" {MR+ Regen+ Dex+5} (You found it on level 20 of a ziggurat)
 76554 | Zig:21   | Entered Level 21 of a ziggurat
 76612 | Zig:21   | Reached skill level 10 in Translocations
 76712 | Zig:21   | Lost mutation: Your muscles are strong. (Str +2) [mutagenic glow]
 76933 | Zig:21   | Identified the Guide on Noxious Cold
 77005 | Zig:22   | Entered Level 22 of a ziggurat
 77032 | Zig:22   | Reached skill level 15 in Evocations
 77032 | Zig:22   | Reached skill level 10 in Staves
 77070 | Zig:22   | Identified the Grimoire of Battle Magic and the Birds
 77136 | Zig:23   | Entered Level 23 of a ziggurat
 77150 | Zig:23   | Noticed Goinyisi the pandemonium lord
 77153 | Zig:23   | Noticed Xerodd the pandemonium lord
 77154 | Zig:23   | Noticed Toug the pandemonium lord
 77155 | Zig:23   | Noticed Maiheick the pandemonium lord
 77155 | Zig:23   | Killed Goinyisi the pandemonium lord
 77157 | Zig:23   | Killed Xerodd the pandemonium lord
 77158 | Zig:23   | Noticed Ripot the pandemonium lord
 77158 | Zig:23   | Killed Toug the pandemonium lord
 77159 | Zig:23   | Noticed Ytus the pandemonium lord
 77165 | Zig:23   | Killed Ytus the pandemonium lord
 77165 | Zig:23   | Reached skill level 10 in Stealth
 77166 | Zig:23   | Killed Maiheick the pandemonium lord
 77167 | Zig:23   | Killed Ripot the pandemonium lord
 77171 | Zig:23   | Noticed Wysu the pandemonium lord
 77179 | Zig:23   | Killed Wysu the pandemonium lord
 77182 | Zig:23   | Noticed Qocoholae the pandemonium lord
 77182 | Zig:23   | Noticed Muijis the pandemonium lord
 77186 | Zig:23   | Noticed Iruhef the pandemonium lord
 77191 | Zig:23   | Noticed Goinirua the pandemonium lord
 77194 | Zig:23   | Killed Qocoholae the pandemonium lord
 77196 | Zig:23   | Killed Goinirua the pandemonium lord
 77198 | Zig:23   | Killed Muijis the pandemonium lord
 77199 | Zig:23   | Killed Iruhef the pandemonium lord
 77200 | Zig:23   | Killed Horoaw the pandemonium lord
 77204 | Zig:23   | Noticed Oranucoa the pandemonium lord
 77210 | Zig:23   | Killed Oranucoa the pandemonium lord
 77215 | Zig:23   | Noticed Ythrybboa the pandemonium lord
 77218 | Zig:23   | Killed Ythrybboa the pandemonium lord
 77226 | Zig:23   | Gained mutation: Your magical capacity is low (-10% MP). [mutagenic glow]
 77553 | Zig:23   | Identified the Almanac of Doomed Talismans
 77578 | Zig:23   | Got a pair of pitted boots
 77589 | Zig:23   | Identified the +1 pair of boots of the Original Sin {MR+} (You found it on level 23 of a ziggurat)
 77621 | Zig:23   | Got a vibrating silver ring
 77624 | Zig:23   | Identified the ring "Raweegoz" {SustAt rF+ rC+ rN+ MR-} (You found it on level 23 of a ziggurat)
 77658 | Zig:24   | Entered Level 24 of a ziggurat
 77848 | Zig:24   | Got a wavering granite ring
 77851 | Zig:24   | Identified the ring of Behiladu {+Inv rN+ Stlth+} (You found it on level 24 of a ziggurat)
 77866 | Zig:24   | Identified the Grimoire of Dislocation and Creation
 77874 | Zig:24   | Got a crude eveningstar
 77883 | Zig:24   | Identified the +4 eveningstar of Change {vamp, +Fly rElec Str+3 Int-4} (You found it on level 24 of a ziggurat)
 77921 | Zig:25   | Entered Level 25 of a ziggurat
 78169 | Zig:25   | Reached skill level 10 in Earth Magic
 78205 | Zig:25   | Got a vibrating platinum ring
 78208 | Zig:25   | Identified the ring "Anlawot" {Wiz rN+} (You found it on level 25 of a ziggurat)
 78267 | Zig:25   | Lost mutation: Your magical capacity is low (-10% MP). [potion of beneficial mutation]
 78268 | Zig:25   | Gained mutation: Your spells are much harder to cast, but much more powerful. [potion of beneficial mutation]
 78270 | Zig:26   | Entered Level 26 of a ziggurat
 78293 | Zig:26   | Noticed Sar's ghost (legendary DEMo)
 78298 | Zig:26   | Killed Sar's ghost
 78298 | Zig:26   | Reached skill level 1 in Air Magic
 78478 | Zig:26   | Identified the Catalogue of Ice
 78483 | Zig:26   | Identified the Disquisition on the Escort
 78485 | Zig:26   | Got a wavering iron ring
 78488 | Zig:26   | Identified the ring of Foal {rElec rPois Str+2 Dex-5 Slay+2} (You found it on level 26 of a ziggurat)
 78493 | Zig:26   | Got a bound copper ring
 78496 | Zig:26   | Identified the ring "Toasesue" {EV+4 Slay+3} (You found it on level 26 of a ziggurat)
 78511 | Zig:26   | Identified the Reference Book on Aid and Fire (You found it on level 26 of a ziggurat)
 78612 | Zig:27   | Entered Level 27 of a ziggurat
 78643 | Zig:27   | Reached skill level 5 in Air Magic
 78648 | Zig:27   | Killed an ancient lich
 78820 | Zig:27   | Identified the Reference Book on Talismans and Darkness
 78823 | Zig:27   | Got a slimy wooden ring
 78826 | Zig:27   | Identified the ring of Neagu {+Blink rPois rC+ MP-9 Dex-3} (You found it on level 27 of a ziggurat)
 78828 | Zig:27   | Identified the Papyrus of the Traveller
 78834 | Zig:27   | Got a fine amethyst amulet
 78837 | Zig:27   | Identified the amulet "Zeaxuas" {*Confuse +Rage rC++} (You found it on level 27 of a ziggurat)
 79194 | Lair:1   | Lost mutation: Your mind is acute. (Int +2) [evolution]
 79631 | Pan      | Entered Pandemonium
 79776 | Pan      | Noticed Cocromocs the pandemonium lord
 79780 | Pan      | Killed Cocromocs the pandemonium lord
 80051 | Pan      | Noticed Omot the pandemonium lord
 80052 | Pan      | Killed Omot the pandemonium lord
 80058 | Pan      | Found an exit through the horrors of the Abyss.
 80121 | Pan      | Got a transparent leather armour
 80124 | Pan      | Identified the +3 leather armour "Nuer" {+Inv MP-9 Int+4} (You found it in Pandemonium)
 80135 | Pan      | Noticed Rythryra the pandemonium lord
 80136 | Pan      | Killed Rythryra the pandemonium lord
 80514 | Pan      | Found an exit through the horrors of the Abyss.
 80636 | Pan      | Entered the realm of Cerebov.
 80660 | Pan      | Found an exit through the horrors of the Abyss.
 81688 | Pan      | Got a steaming glass ring
 81691 | Pan      | Identified the ring "Suwnigg" {*Corrode rF+ Int+6 SInv Stlth-} (You found it in Pandemonium)
 81746 | Pan      | Noticed Cerebov
 81777 | Pan      | Killed Cerebov
 81948 | Pan      | Got a fiery rune of Zot
 82378 | Pan      | Noticed Leegeph the pandemonium lord
 82380 | Pan      | Killed Leegeph the pandemonium lord
 82410 | Pan      | Reached skill level 15 in Charms
 82557 | Pan      | Noticed Toiclimao the pandemonium lord
 82558 | Pan      | Killed Toiclimao the pandemonium lord
 82579 | Pan      | Got a demonic rune of Zot
 82734 | Pan      | Found a gateway to a ziggurat.
 82836 | Pan      | Noticed Tucs the pandemonium lord
 82841 | Pan      | Killed Tucs the pandemonium lord
 82937 | Pan      | Noticed Rizus the pandemonium lord
 82940 | Pan      | Killed Rizus the pandemonium lord
 82940 | Pan      | Reached skill level 15 in Earth Magic
 83008 | Pan      | Entered the realm of Gloorx Vloq.
 83708 | Pan      | Found an exit through the horrors of the Abyss.
 83947 | Pan      | Noticed Gloorx Vloq
 83990 | Pan      | Killed Gloorx Vloq
 84003 | Pan      | Got a dark rune of Zot
 84244 | Pan      | Found a gateway to a ziggurat.
 84253 | Pan      | Reached skill level 10 in Air Magic
 84258 | Pan      | Found an exit through the horrors of the Abyss.
 84310 | Pan      | Entered the realm of Mnoleg.
 84367 | Pan      | Gained mutation: You tend to lose your temper in combat. [a cacodemon]
 84622 | Pan      | Found an exit through the horrors of the Abyss.
 84631 | Pan      | Found a gateway to a ziggurat.
 84905 | Pan      | Noticed Mnoleg
 84912 | Pan      | Killed Mnoleg
 84934 | Pan      | Got a glowing rune of Zot
 85076 | Pan      | Found an exit through the horrors of the Abyss.
 85880 | Pan      | Noticed a seraph
 85884 | Pan      | Killed a seraph
 85896 | Pan      | Got a brightly glowing golden ring
 85897 | Pan      | Found a glowing golden altar of the Shining One.
 85903 | Pan      | Got a brightly glowing leather armour
 85905 | Pan      | Got an ancient pewter ring
 85938 | Pan      | Identified the +3 leather armour of Ofeyciag {rElec MR- Dex+4} (You took it off a cherub in Pandemonium)
 85940 | Pan      | Identified the ring of Sin {rN+ EV+2 Int+3} (You took it off an angel in Pandemonium)
 85943 | Pan      | Identified the ring of Biclih {Wiz *Contam Str+4 Int+2 Dex+5} (You took it off an angel in Pandemonium)
 85947 | Pan      | Identified Ricuel's Handbook of Freezing Arcane Weapons
 85954 | Pan      | Identified The Intricacies of Spellcraft
 86113 | Pan      | Found a white marble altar of Elyvilon.
 86456 | Pan      | Found a glowing silver altar of Zin.
 86606 | Pan      | Reached skill level 27 in Fire Magic
 87503 | Pan      | Noticed Laffojad the pandemonium lord
 87506 | Pan      | Killed Laffojad the pandemonium lord
 87645 | Pan      | Noticed Ignacio
 87655 | Pan      | Killed Ignacio
 87840 | Pan      | Noticed Yfaeph Cible the pandemonium lord
 87842 | Pan      | Killed Yfaeph Cible the pandemonium lord
 87939 | Pan      | Found an exit through the horrors of the Abyss.
 87971 | Pan      | Noticed Keotobe the pandemonium lord
 87972 | Pan      | Killed Keotobe the pandemonium lord
 88117 | Pan      | Found an exit through the horrors of the Abyss.
 88181 | Pan      | Found an exit through the horrors of the Abyss.
 88262 | Pan      | Got an ancient platinum ring
 88265 | Pan      | Identified the ring "Rualud" {+/*Tele +Fly rC+ MP-9 Int+3} (You found it in Pandemonium)
 88404 | Pan      | Found an exit through the horrors of the Abyss.
 88732 | Pan      | Noticed Gebb the pandemonium lord
 88738 | Pan      | Killed Gebb the pandemonium lord
 88800 | Pan      | Found an exit through the horrors of the Abyss.
 88970 | Pan      | Noticed Muiqifri the pandemonium lord
 88970 | Pan      | Killed Muiqifri the pandemonium lord
 89018 | Pan      | Found a gateway to a ziggurat.
 89046 | Pan      | Noticed Logyridu the pandemonium lord
 89184 | Pan      | Killed Logyridu the pandemonium lord
 89233 | Pan      | Entered the realm of Lom Lobon.
 89252 | Pan      | Reached skill level 27 in Conjurations
 89691 | Pan      | Noticed Lom Lobon
 89697 | Pan      | Killed Lom Lobon
 89743 | Pan      | Got a magical rune of Zot
 89974 | Pan      | Found an exit through the horrors of the Abyss.
 90091 | Pan      | Took an exit into the Abyss.
 90091 | Abyss:1  | Escaped into the Abyss
 90175 | Depths:3 | Escaped the Abyss
 90593 | Vaults:5 | Bought an Akashic Record for 1876 gold pieces
 90603 | Vaults:5 | Learned a level 8 spell: Controlled Blink
 90978 | Hell     | Entered the Vestibule of Hell
 90978 | Hell     | Noticed Geryon
 90983 | Hell     | Killed Geryon
 91009 | Hell     | Reached skill level 15 in Translocations
 91087 | Hell     | Found a gateway to the ashen valley of Gehenna.
 91096 | Geh:1    | Entered Level 1 of Gehenna
 91507 | Geh:4    | HP: 2/185 [hellion/burst of hellfire (20)]
 91508 | Geh:4    | Killed from afar by a hellion

Action                   |  1- 3 |  4- 6 |  7- 9 | 10-12 | 13-15 | 16-18 | 19-21 | 22-24 | 25-27 || total
-------------------------+-------+-------+-------+-------+-------+-------+-------+-------+-------++-------
Melee: Short sword       |    35 |    30 |       |       |       |       |       |       |       ||    65
       Unarmed           |     2 |       |       |       |       |       |       |       |       ||     2
       Trident           |       |       |    16 |       |       |       |       |       |       ||    16
       Whip              |       |       |    17 |       |       |       |       |       |       ||    17
       Falchion          |       |       |    11 |    77 |       |       |       |       |       ||    88
       Spear             |       |       |       |   121 |    27 |       |       |       |       ||   148
       Scimitar          |       |       |       |    32 |    20 |       |       |       |       ||    52
       Long sword        |       |       |       |       |   260 |       |       |       |       ||   260
       Double sword      |       |       |       |       |    28 |   158 |       |       |       ||   186
       Lajatang          |       |       |       |       |       |       |    58 |       |    11 ||    69
       Staff             |       |       |       |       |       |       |    41 |    63 |   237 ||   341
 Fire: Blowgun           |       |       |    62 |       |       |       |       |       |       ||    62
Throw: Javelin           |       |       |    13 |       |     2 |     9 |       |     1 |       ||    25
 Cast: Flame Tongue      |    64 |    58 |   236 |   296 |   621 |   285 |    97 |    26 |    20 ||  1703
       Conjure Flame     |     1 |     2 |    11 |    21 |    13 |       |       |       |       ||    48
       Sticky Flame      |       |     1 |    19 |    66 |    95 |    46 |    17 |     5 |     3 ||   252
       Fireball          |       |       |    15 |    45 |   138 |   250 |   220 |   125 |   281 ||  1074
       Bolt of Fire      |       |       |       |     5 |   186 |   168 |   213 |   159 |   735 ||  1466
       Iskenderun's Myst |       |       |       |     5 |     8 |     7 |    14 |     4 |    51 ||    89
       Delayed Fireball  |       |       |       |     1 |     7 |     5 |     2 |       |     2 ||    17
       Poison Arrow      |       |       |       |       |     1 |    91 |    43 |    12 |   238 ||   385
       Deflect Missiles  |       |       |       |       |       |     1 |     4 |     3 |     5 ||    13
       Stoneskin         |       |       |       |       |       |       |     3 |       |       ||     3
       Fire Storm        |       |       |       |       |       |       |    16 |    73 |   583 ||   672
       Sublimation of Bl |       |       |       |       |       |       |     4 |    10 |   139 ||   153
       Ozocubu's Armour  |       |       |       |       |       |       |     3 |     6 |     7 ||    16
       Haste             |       |       |       |       |       |       |     1 |     2 |    14 ||    17
       Blink             |       |       |       |       |       |       |     1 |     1 |     1 ||     3
       Lehudib's Crystal |       |       |       |       |       |       |       |     3 |   236 ||   239
       Regeneration      |       |       |       |       |       |       |       |       |    38 ||    38
       Necromutation     |       |       |       |       |       |       |       |       |     5 ||     5
 Abil: Release Delayed F |       |       |       |     1 |     6 |     5 |     1 |       |       ||    13
       Evoke Invisibilit |       |       |       |       |     2 |     9 |       |       |       ||    11
       Blink             |       |       |       |       |     1 |       |       |       |       ||     1
       Evoke Blink       |       |       |       |       |       |       |     1 |       |       ||     1
       Evoke Flight      |       |       |       |       |       |       |       |       |     2 ||     2
       Evoke Teleportati |       |       |       |       |       |       |       |       |     1 ||     1
       End Transformatio |       |       |       |       |       |       |       |       |     1 ||     1
Evoke: Wand              |       |       |     2 |       |     2 |       |     1 |     3 |    10 ||    18
       Disc of storms    |       |       |       |       |       |     2 |       |       |       ||     2
       Crystal ball of e |       |       |       |       |       |       |       |     3 |       ||     3
       Staff of energy   |       |       |       |       |       |       |       |     3 |     3 ||     6
  Use: Scroll            |       |       |    11 |    16 |    15 |    13 |    15 |     8 |    46 ||   124
       Potion            |       |       |     1 |     2 |    10 |     6 |    13 |       |    19 ||    51
 Stab: Sleeping          |     1 |       |     3 |     3 |       |       |     3 |       |       ||    10
       Invisible         |       |       |       |       |       |     1 |       |       |       ||     1
  Eat: Chunk             |     1 |     3 |    20 |    29 |    67 |    39 |    21 |     8 |    12 ||   200
       Beef jerky        |       |       |     1 |       |       |       |     2 |       |     7 ||    10
       Fruit             |       |       |     1 |       |       |     1 |       |       |       ||     2
       Meat ration       |       |       |       |       |     4 |     1 |       |     2 |     6 ||    13
       Pizza             |       |       |       |       |       |     6 |     4 |     1 |     7 ||    18
       Bread ration      |       |       |       |       |       |     1 |     2 |     3 |     8 ||    14
       Royal jelly       |       |       |       |       |       |       |     1 |       |    11 ||    12
